 Dungeon Crawl Stone Soup version 0.30.0-19-g36f170ea60 (webtiles) character file.

Game seed: 8857097151581443268

6357 MacCMillion the Zephyrmancer (level 10, -2/64 HPs)
             Began as a Tengu Air Elementalist on May 30, 2023.
             Was an Elder of Vehumet.
             Slain by Amaemon
             ... wielding a -2 demon whip of venom
              (5 damage)
             ... on level 7 of the Dungeon.
             The game lasted 00:32:18 (14753 turns).

MacCMillion the Zephyrmancer (TeAE)                Turns: 14753, Time: 00:32:19

Health: -2/64      AC:  7    Str: 10    XL:     10   Next: 96%
Magic:  28/28      EV: 19    Int: 25    God:    Vehumet [****..]
Gold:   54         SH:  0    Dex: 15    Spells: 3/19 levels left

rFire   + . .        E - +3 dagger of Growing Misery {heavy, MP+9 Stlth+}
rCold   + . .        (no shield)
rNeg    + . .        a - +0 robe
rPois   .            (helmet restricted)
rElec   +            D - +1 cloak
rCorr   +            z - +2 pair of gloves "Atuj" {rN+ rCorr Dex-5}
SInv    .            (boots unavailable)
Will    .....        G - amulet of Reimbursement {RegenMP rF+}
Stlth   +++          B - ring "Boeloep" {rElec rC+ Will- Int+6 Dex+6}
HPRegen 0.30/turn    (no ring)
MPRegen 0.61/turn

%: no passive effects
@: mighty, flying quickly and evasively, slowed, very slow
A: beak, talons 3, nimble flight
a: Renounce Religion


You were on level 7 of the Dungeon.
You worshipped Vehumet.
Vehumet was greatly pleased with you.
You visited 1 branch of the dungeon, and saw 8 of its levels.
You also visited: Sewer.

You collected 494 gold pieces.
You spent 440 gold pieces at shops.

Inventory:

Hand Weapons
 d - a +0 dagger
 x - a +4 dagger
 y - the +9 dagger of Toygymef {antimagic, *Rage rElec rPois Stlth+}
   (You found it on level 5 of the Dungeon)

   rElec:     It insulates you from electricity.
   rPois:     It protects you from poison.
   *Rage:     It berserks you when you make melee attacks (+20% chance).
   Stlth:     It makes you more stealthy.
 E - the +3 dagger of Growing Misery (weapon) {heavy, MP+9 Stlth+}
   (You took it off an orc warrior on level 7 of the Dungeon)

   MP:        It affects your magic capacity (+9).
   Stlth:     It makes you more stealthy.
Missiles
 t - a throwing net
Armour
 a - a +0 robe (worn)
 z - the +2 pair of gloves "Atuj" (worn) {rN+ rCorr Dex-5}
   (You found it in a sewer)

   Dex:       It affects your dexterity (-5).
   rN:        It protects you from negative energy.
   rCorr:     It protects you from acid and corrosion.
 D - a +1 cloak (worn)
Jewellery
 B - the ring "Boeloep" (left hand) {rElec rC+ Will- Int+6 Dex+6}
   (You found it in a sewer)

   [ring of intelligence]

   Int:       It affects your intelligence (+6).
   Dex:       It affects your dexterity (+6).
   rC:        It protects you from cold.
   rElec:     It insulates you from electricity.
   Will:      It decreases your willpower.
 G - the amulet of Reimbursement (around neck) {RegenMP rF+}
   (You bought it in a shop on level 7 of the Dungeon)

   [amulet of magic regeneration]

   It increases your rate of magic regeneration.
   rF:        It protects you from fire.
Wands
 v - a wand of iceblast (8)
Scrolls
 f - 5 scrolls of identify
 g - a scroll of noise
 j - a scroll of fog
 n - a scroll of poison {unknown}
 p - a scroll of teleportation {unknown}
 q - a scroll of acquirement {unknown}
 r - 2 scrolls of blinking
 s - a scroll of enchant armour
 w - a scroll of immolation
 A - a scroll of brand weapon {unknown}
 H - a scroll of silence {unknown}
 I - a scroll of magic mapping
Potions
 b - 2 potions of magic
 c - 2 potions of resistance {unknown}
 e - a potion of heal wounds {unknown}
 h - a potion of haste {unknown}
 i - 4 potions of ambrosia
 k - a potion of cancellation {unknown}
 l - 2 potions of curing
 m - a potion of lignification {unknown}
 o - 3 potions of brilliance {unknown}
 u - 4 potions of flight {unknown}
 C - 2 potions of might
 F - a potion of attraction {unknown}


   Skills:
 * Level 7.7 Fighting
 * Level 8.9 Dodging
 - Level 2.0 Stealth
 + Level 5.3 Spellcasting
 - Level 5.0 Conjurations
 + Level 13.1 Air Magic
 + Level 1.3 Poison Magic


You had 3 spell levels left.
You knew the following spells:

 Your Spells              Type           Power      Damage    Failure   Level
a - Shock                 Conj/Air       100%       1d9       1%          1
b - Static Discharge      Conj/Air       100%       2-7/arc   1%          2
c - Swiftness             Air            64%        N/A       1%          3
d - Airstrike             Air            32%        2d(5-21)  1%          4
e - Mephitic Cloud        Conj/Pois/Air  39%        N/A       1%          3
f - Ignite Poison         Fire/Tmut/Pois 8%         N/A       5%          3

Your spell library contained the following spells:

 Spells                   Type           Power      Damage    Failure   Level
 Summon Small Mammal      Summ           24%        N/A       8%          1
 Call Canine Familiar     Summ           6%         N/A       24%         3
 Summon Guardian Golem    Hex/Summ       6%         N/A       24%         3
 Tukima's Dance           Hex            6%         N/A       24%         3
 Yara's Violent Unravell  Hex/Tmut       3%         3d4       45%         5
 Passage of Golubria      Tloc           6%         N/A       61%         4


Dungeon Overview and Level Annotations

Branches:
Dungeon (8/15)             Temple (0/1) D:6            Lair (0/5) D:8
  Sewer (visited)

Altars:
Ru
Sif Muna
Uskayaw
Vehumet
The Shining One

Shops:
D:7 =   D:8 *

Annotations:
D:3 exclusion: sky beast
D:4 Grinder
D:7 Amaemon


Innate Abilities, Weirdness & Mutations

You have a beak for a mouth.
You have claws for feet.
Your magical nature lets you fly swiftly and evasively.


Message History

Amaemon tail-slaps you but does no damage.
The scorpion stings you.
* * * LOW HITPOINT WARNING * * *
You are more poisoned.
You have difficulty breathing.
* * * LOW HITPOINT WARNING * * *
You feel as though you will be slow longer.
The scorpion misses you.
Amaemon mumbles some strange words.
You feel better.
The scorpion disappears in a puff of smoke!
The scorpion closely misses you.
Amaemon gestures at the scorpion while chanting.
The scorpion seems to grow toxic.
The scorpion stings you.
* * * LOW HITPOINT WARNING * * *
The scorpion attacks as you move away! The scorpion barely misses you.
The scorpion closely misses you. The scorpion misses you. x2
Amaemon hits you with a -2 demon whip of venom.
* * * LOW HITPOINT WARNING * * *
Amaemon completely misses you. x2
Amaemon attacks as you move away!
Amaemon hits you with a -2 demon whip of venom.
* * * LOW HITPOINT WARNING * * *
You are poisoned.
Amaemon claws you but does no damage. Amaemon closely misses you.
You feel very sick.
The scorpion stings you but does no damage.
The scorpion closely misses you. The scorpion misses you.
The scorpion attacks as you move away! The scorpion completely misses you.
You feel sick. The scorpion barely misses you. The scorpion closely misses you.
You feel better.
The scorpion no longer looks unusually toxic.
The scorpion stings you but does no damage.
Amaemon closely misses you. Amaemon claws you.
* * * LOW HITPOINT WARNING * * *
Amaemon misses you. The scorpion barely misses you. The scorpion misses you.
Amaemon hits you with a -2 demon whip of venom!
* * * LOW HITPOINT WARNING * * *
Amaemon claws you but does no damage. Amaemon tail-slaps you.
You die...

*,,,,* #......#...* *,,,,
*,,,,* #....(.'.,,* *,,,P
*,,,,***#......*,*** *,,,,
*,,,,*,,#....########*,,,,
*,,,,*,,#....#.......*,P,,
*,,,,*,,#....#.......*,,,,
*,,,,*,,#s...'.......*,,,,
*,,,,*,,#6s..#.......*,,,,
*,,,,**'#@s..########*,,,,
****#.....#'###..#####,,,,
#.....#........#.#,,,,
#..............'.#,,,,
#.....#.#.#....#.#,,,,
####......#.#....##**,,,,
#..#.....#.∩.#...#***,,,,
#..#......#.#....#,,*,,,,
#..#.....#.#.#...#,,*,,,,


You could see Amaemon (inner flame) and 3 scorpions.

Vanquished Creatures
  An orange demon (D:8)
  A kobold demonologist (D:7)
  6 yaks
  A warg (D:7)
  A water moccasin (D:7)
  2 sky beasts
  3 orc warriors
  2 black bears
  7 ogres (D:7)
  4 phantoms
  2 kobold brigands (D:7)
  3 gnoll sergeants (D:7)
  7 bullfrogs
  5 scorpions
  4 wights
  7 howler monkeys
  4 jellies
  14 hounds
  6 orc priests
  4 gnoll boudas
  4 iguanas
  7 orc wizards
  2 sleepcaps (D:6)
  Natasha (thrice) (D:4)
  10 gnolls
  11 adders
  4 white imps
  An ufetubus (D:5)
  A worm (D:3)
  10 dart slugs
  26 orcs
  6 bats
  14 endoplasms
  18 giant cockroaches
  5 goblins
  8 hobgoblins
  4 jackals (D:2)
  6 kobolds
  7 quokkas
  20 ball pythons
  13 frilled lizards
  4 rats
268 creatures vanquished.

Notes
Turn   | Place    | Note
-------+----------+-------------------------------------------
     0 | D:1      | MacCMillion the Tengu Air Elementalist began the quest for
                  | the Orb.
     0 | D:1      | Reached XP level 1. HP: 10/10 MP: 4/4
    76 | D:1      | Reached XP level 2. HP: 15/15 MP: 0/6
  1167 | D:1      | Reached XP level 3. HP: 19/19 MP: 5/7
  1170 | D:1      | Learned a level 2 spell: Static Discharge
  1174 | D:1      | Learned a level 3 spell: Swiftness
  1351 | D:1      | You fall into a shaft and drop 1 floor!
  2222 | D:2      | Reached XP level 4. HP: 24/24 MP: 1/9
  2418 | D:2      | Reached skill level 5 in Air Magic
  3115 | D:3      | Found a radiant altar of Vehumet.
  3119 | D:3      | Became a worshipper of Vehumet
  3163 | D:3      | Noticed a sky beast
  3392 | D:3      | Gained mutation: Your magical nature lets you fly swiftly
                  | and evasively. [Tengu growth]
  3392 | D:3      | Reached XP level 5. HP: 28/28 MP: 6/10
  3804 | D:3      | Found a hide-covered altar of Uskayaw.
  4048 | D:4      | Noticed Natasha
  4053 | D:4      | Killed Natasha
  4180 | D:4      | Found a sacrificial altar of Ru.
  4240 | D:4      | Reached * piety under Vehumet
  4240 | D:4      | Offered knowledge of Kiss of Death by Vehumet.
  4446 | D:4      | Reached XP level 6. HP: 30/32 MP: 7/12
  4449 | D:4      | Reached skill level 6 in Air Magic
  4563 | D:4      | Noticed Natasha
  4573 | D:4      | Killed Natasha
  4664 | D:4      | Noticed Natasha
  4671 | D:4      | Killed Natasha
  4745 | D:4      | Reached skill level 5 in Conjurations
  5011 | D:4      | Noticed an orc warrior
  5012 | D:4      | Noticed Grinder
  5219 | D:4      | Reached skill level 7 in Air Magic
  5219 | D:4      | Reached XP level 7. HP: 18/36 MP: 8/14
  5761 | D:5      | Entered Level 5 of the Dungeon
  5782 | D:5      | Reached skill level 8 in Air Magic
  6006 | D:5      | Reached skill level 9 in Air Magic
  6018 | D:5      | Learned a level 4 spell: Airstrike
  6262 | D:5      | Reached skill level 10 in Air Magic
  6262 | D:5      | Reached XP level 8. HP: 31/41 MP: 8/15
  6270 | D:5      | Reached skill level 1 in Fighting
  6624 | D:5      | Reached ** piety under Vehumet
  6675 | D:5      | Identified the +9 dagger of Toygymef {antimagic, *Rage
                  | rElec rPois Stlth+}
  6724 | D:5      | Found a glowing golden altar of the Shining One.
  6745 | D:5      | Offered knowledge of Sandblast by Vehumet.
  7238 | D:6      | Found a glowing drain.
  7370 | Sewer    | Entered a sewer
  7608 | Sewer    | Offered knowledge of Mephitic Cloud by Vehumet.
  7831 | Sewer    | Reached *** piety under Vehumet
  7985 | Sewer    | Reached skill level 11 in Air Magic
  8124 | Sewer    | Identified the +2 pair of gloves "Atuj" {rN+ rCorr Dex-5}
  8134 | Sewer    | Identified the ring "Boeloep" {rElec rC+ Will- Int+6 Dex+6}
  8342 | D:6      | Noticed a yak
  8342 | D:6      | Noticed a yak
  8342 | D:6      | Noticed a yak
  8344 | D:6      | Noticed a yak
  8345 | D:6      | Noticed a yak
  8385 | D:6      | Killed a yak
  8386 | D:6      | Reached skill level 5 in Dodging
  8386 | D:6      | Reached XP level 9. HP: 32/52 MP: 9/16
  8646 | D:5      | Reached skill level 5 in Fighting
  8829 | D:6      | Identified the +0 leather armour of Qunecisu {rPois rN+
                  | Int-4}
  8916 | D:6      | Reached skill level 12 in Air Magic
  8968 | D:6      | Found a staircase to the Ecumenical Temple.
  9445 | D:7      | Found a shimmering blue altar of Sif Muna.
  9675 | D:7      | Learned a level 3 spell: Mephitic Cloud
  9779 | D:7      | Offered knowledge of Flame Wave by Vehumet.
 10140 | D:7      | Reached XP level 10. HP: 60/60 MP: 9/17
 10314 | D:7      | Identified the +3 dagger of Growing Misery {heavy, MP+9
                  | Stlth+}
 10897 | D:7      | Reached **** piety under Vehumet
 10921 | D:7      | Noticed a kobold demonologist
 10986 | D:7      | Killed a kobold demonologist
 11519 | D:7      | Offered knowledge of Ignite Poison by Vehumet.
 11524 | D:7      | Learned a level 3 spell: Ignite Poison
 11647 | D:7      | Found Texoff's Jewellery Shop.
 11813 | D:7      | Bought the amulet of Reimbursement {RegenMP rF+} for 440
                  | gold pieces
 12137 | D:7      | Reached skill level 5 in Spellcasting
 12622 | D:7      | Reached skill level 13 in Air Magic
 13288 | D:8      | Found a staircase to the Lair.
 13430 | D:8      | Noticed an orange demon
 13497 | D:8      | Noticed Amaemon
 14040 | D:8      | Reached skill level 1 in Poison Magic
 14051 | D:8      | Paralysed by Amaemon for 5 turns
 14244 | D:8      | Found Jinudwio's Assorted Antiques.
 14324 | D:8      | Killed an orange demon
 14708 | D:7      | Found a shimmering blue altar of Sif Muna.
 14715 | D:7      | Found Texoff's Jewellery Shop.
 14753 | D:7      | HP: 3/64 [Amaemon/-2 demon whip of venom (11)]
 14753 | D:7      | Slain by Amaemon

Illustrated notes

Levels and vault maps discovered:
D:1:      ncdulo_lavacross, layout_loops_corners, columned_hall_lemuel
D:2:      layout_basic, minmay_lizard_pond
D:3:      layout_basic, marbit_many_paths, mainiacjoe_overflow_six_doors_small,
          serial_bayou_pond_b
D:4:      layout_loops_cross, old_standard_altar, chequers_big_river,
          grunt_ministairs_14, minmay_misc_feat_ornament, uniq_grinder,
          uniq_natasha
D:5:      layout_rooms, kennysheep_little_box, kennysheep_generic_room_12
D:6:      layout_loops_ring, temple_hall, gup_sewer_entry_glass
D:7:      lemuel_castle_with_subvaults [lemuel_castle_interior_carwin_2],
          layout_gridville, mainiacjoe_overflow_paths, serial_shops,
          nicolae_shop_gaudy_bauble
D:8:      layout_loops_ring, bloody_trog, okawaru_altar_gauntlet_db,
          grunt_lair_entry_orc_guard_hut, serial_shops,
          nicolae_shop_rolling_square, minmay_misc_feat_pillars, uniq_amaemon,
          uniq_psyche

Skill      XL: |  1  2  3  4  5  6  7  8  9 10 |
---------------+-------------------------------+-----
Conjurations   | 2 3 4 5 |  5.0
Air Magic      | 5 7 10 11 12 13 | 13.1
Spellcasting   | 3 4 5 |  5.3
Fighting       | 3 5 7 |  7.7
Dodging        | 5 7 8 |  8.9
Poison Magic   | 1 |  1.3
Stealth        | |  2.0

Action                     |  1- 3 |  4- 6 |  7- 9 | 10-12 || total
---------------------------+-------+-------+-------+-------++-------
  Melee: Dagger            |     3 |     9 |     5 |     1 ||    18
         Kick              |     1 |     1 |     1 |       ||     3
         Peck              |     1 |     1 |     1 |       ||     3
   Cast: Shock             |    75 |   127 |   232 |   180 ||   614
         Static Discharge  |     2 |    10 |    71 |    33 ||   116
         Airstrike         |       |       |     5 |    27 ||    32
    Use: Scroll            |       |       |       |     6 ||     6
         Potion            |       |       |       |     4 ||     4
   Stab: Sleeping          |       |     3 |     1 |       ||     4
 Armour: Robe              |     1 |     4 |     6 |    18 ||    29
  Dodge: Dodged            |     5 |    25 |    47 |   112 ||   189
